 Dungeon Crawl Stone Soup version 0.28.0-47-ge53b351184 (webtiles) character file.

Game seed: 6295457949194513772

284443 Kaptain the Earth Mage (level 20, -2/139 HPs)
             Began as a Gargoyle Earth Elementalist on Apr 29, 2022.
             Slain by a deep troll shaman (10 damage)
             ... on level 3 of the Depths.
             The game lasted 02:04:12 (59427 turns).

Kaptain the Earth Mage (GrEE)                      Turns: 59427, Time: 02:04:13

Health: -2/139     AC: 39    Str: 16    XL:     20   Next: 58%
Magic:  31/57      EV: 10    Int: 28    God:
Gold:   1950       SH: 12    Dex: 10    Spells: 18/50 levels left

rFire   + + .      SeeInvis +   k - +8 long sword of Untimely Demise {flame, rF+ rC+ SInv}
rCold   + + .      Faith    .   y - +6 buckler of Utian {Int+4}
rNeg    + . .      Spirit   .   x - +5 scale mail of Sumivein {MP+9}
rPois   ∞          Reflect  .   V - +0 helmet
rElec   +          Harm     .   t - scarf {rC+ rF+}
rCorr   .          Rampage  .   G - +2 pair of gloves {Str+3}
Will    +....                   (no boots)
Stlth   ++........              Z - amulet of magic regeneration
HPRegen 0.33/turn               p - +4 ring of protection
MPRegen 0.75/turn               u - ring of magical power

@: on berserk cooldown, flying, slowed, studying 2 skills, very slow
A: sickness immunity, AC +15, big wings, negative energy resistance 1,
electricity resistance, torment resistance 1, petrification resistance, shaggy
fur 1
}: 2/15 runes: decaying, serpentine
a: no special abilities


You were on level 3 of the Depths.
You visited 7 branches of the dungeon, and saw 36 of its levels.
You also visited: Bailey and Ice Cave.

You collected 4500 gold pieces.
You spent 2550 gold pieces at shops.

Inventory:

Hand Weapons
 g - a +1 trident of protection
 k - the +8 long sword of Untimely Demise (weapon) {flame, rF+ rC+ SInv}
   (You took it off an ogre mage on level 13 of the Dungeon)

   It burns those it strikes, dealing additional fire damage.
   Big, fiery blades are also staple armaments of hydra-hunters.
   rF:        It protects you from fire.
   rC:        It protects you from cold.
   SInv:      It lets you see invisible.
 F - the +8 whip "Snakebite" {venom, curare, rPois}
   (You found it on level 1 of the Lair of Beasts)

   It poisons the flesh of those it strikes.
   It occasionally inflicts asphyxiating poison on those it strikes, dealing
   poison damage and causing slowness.
   rPois:     It protects you from poison.
Missiles
 c - 903 stones
Armour
 f - an orb of energy
 n - the +5 leather armour of the Blind Marksman {rF+}
   (You found it in a bailey)

   rF:        It protects you from fire.
 t - a scarf of resistance (worn)
 x - the +5 scale mail of Sumivein (worn) {MP+9}
   (You found it on level 1 of the Lair of Beasts)

   MP:        It affects your magic capacity (+9).
 y - the +6 buckler of Utian (worn) {Int+4}
   (You found it on level 5 of the Dungeon)

   Int:       It affects your intelligence (+4).
 G - a +2 pair of gloves of strength (worn)
 H - the +1 scale mail of the Black Moon {rF+ Regen+ Dex+6}
   (You found it on level 2 of the Lair of Beasts)

   Dex:       It affects your dexterity (+6).
   rF:        It protects you from fire.
   Regen:     It increases your rate of health regeneration.
 I - a +0 robe of positive energy
 P - a scarf of repulsion
 U - +0 acid dragon scales
 V - a +0 helmet (worn)
Magical Staves
 r - a staff of cold
 L - a staff of fire
Jewellery
 p - a +4 ring of protection (left hand)
 u - a ring of magical power (right hand)
 R - a ring of wizardry
 S - an amulet of reflection
 Z - an amulet of magic regeneration (around neck)
Wands
 J - a wand of acid (14)
 Q - a wand of digging (6)
 T - a wand of mindburst (15)
 W - a wand of iceblast (28)
Scrolls
 a - 3 scrolls of enchant weapon
 b - 4 scrolls of enchant armour
 h - 15 scrolls of teleportation
 i - 4 scrolls of fog
 l - 2 scrolls of magic mapping
 m - 5 scrolls of amnesia
 q - 6 scrolls of fear
 E - 2 scrolls of acquirement
 K - a scroll of blinking
 M - 7 scrolls of immolation
 O - a scroll of summoning
Potions
 e - 2 potions of berserk rage
 j - 8 potions of mutation
 o - 5 potions of lignification
 v - 4 potions of resistance
 z - 7 potions of might
 A - 6 potions of brilliance
 C - 3 potions of cancellation
 D - 3 potions of haste
 N - 5 potions of curing
 X - a potion of magic
 Y - a potion of ambrosia
Miscellaneous
 d - a phantom mirror
 s - a lightning rod (4/4)
 B - a condenser vane


   Skills:
 * Level 19.5 Fighting
 + Level 13.0 Armour
 - Level 4.0 Dodging
 - Level 7.0 Stealth
 - Level 10.0 Shields
 * Level 15.5 Spellcasting
 * Level 18.0 Conjurations
 - Level 0.7 Transmutations
 * Level 19.7 Earth Magic
 - Level 5.0 Evocations


You had 18 spell levels left.
You knew the following spells:

 Your Spells              Type           Power      Damage    Failure   Level
a - Sandblast             Erth           100%       2d20      0%          1
b - Stone Arrow           Conj/Erth      100%       3d13      0%          3
c - Lee's Rapid Deconstr  Erth           46%        3d23*     1%          5
d - Iron Shot             Conj/Erth      45%        9d9       1%          6
e - Iskenderun's Battles  Conj           89%        2d14      1%          5
f - Orb of Destruction    Conj           44%        9d12      3%          7
g - Blink                 Tloc           42%        N/A       11%         2
h - Swiftness             Air            21%        N/A       22%         3

Your spell library contained the following spells:

 Spells                   Type           Power      Damage    Failure   Level
 Passwall                 Tmut/Erth      56%        N/A       1%          2
 Fulminant Prism          Conj/Hex       32%        3d16      1%          4
 Iskenderun's Mystic Bla  Conj/Tloc      64%        2d13      1%          4
 Petrify                  Tmut/Erth      68%        N/A       1%          4
 Animate Skeleton         Necr           42%        N/A       8%          1
 Apportation              Tloc           42%        N/A       8%          1
 Slow                     Hex            84%        N/A       8%          1
 Summon Small Mammal      Summ           84%        N/A       8%          1
 Ensorcelled Hibernation  Hex/Ice        42%        N/A       11%         2
 Call Canine Familiar     Summ           21%        N/A       22%         3
 Confusing Touch          Hex            21%        N/A       22%         3
 Lesser Beckoning         Tloc           21%        N/A       22%         3
 Summon Guardian Golem    Hex/Summ       21%        N/A       22%         3
 Tukima's Dance           Hex            21%        N/A       22%         3
 Vampiric Draining        Necr           21%        2d7       22%         3
 Anguish                  Hex/Necr       10%        N/A       58%         4
 Animate Dead             Necr           10%        N/A       58%         4
 Cause Fear               Hex            10%        N/A       58%         4
 Olgreb's Toxic Radiance  Pois           21%        N/A       58%         4
 Spellforged Servitor     Conj/Summ      32%        N/A       83%         7
 Manifold Assault         Tloc           21%        N/A       90%         5
 Metabolic Englaciation   Hex/Ice        10%        N/A       90%         5
 Summon Forest            Summ/Tloc      10%        N/A       90%         5
 Summon Mana Viper        Hex/Summ       21%        N/A       90%         5
 Eringya's Noxious Bog    Tmut/Pois      11%        N/A       100%        6
 Summon Cactus Giant      Summ           10%        N/A       100%        6
 Dragon Form              Tmut           12%        N/A       100%        7
 Enfeeble                 Hex            10%        N/A       100%        7
 Haunt                    Necr/Summ      10%        N/A       100%        7
 Ozocubu's Refrigeration  Ice            10%        4d7       100%        7
 Summon Hydra             Summ           10%        N/A       100%        7
 Ignition                 Fire           10%        3d5       100%        8
 Infestation              Necr           10%        N/A       100%        8
 Dragon's Call            Summ           10%        N/A       100%        9
 Statue Form              Tmut/Erth      Unusable   N/A       N/A         6

Dungeon Overview and Level Annotations

Branches:
Dungeon (15/15)            Temple (1/1) D:5            Lair (6/6) D:8
  Swamp (4/4) Lair:2        Snake (4/4) Lair:3        Slime (0/5) Lair:6
    Orc (2/2) D:11            Elf (0/3) Orc:2        Vaults (0/5) D:14
 Depths (4/4) D:15         Bailey (visited)           IceCv (visited)
    Zot: Depths:4

Altars:
Ashenzari
Cheibriados
Dithmenos
Elyvilon
Fedhas
Gozag
Hepliaklqana
Kikubaaqudgha
Makhleb
Nemelex Xobeh
Okawaru
Qazlal
Ru
Sif Muna
Trog
Uskayaw
Vehumet
Wu Jian
Xom
Yredelemnul
Zin
The Shining One
Ignis
Jiyva

Shops:
D:1 (   D:12 (   Orc:2 (!(**   Snake:1 (   Snake:3 ([[:   Depths:1 **?

Portals:
Hell: Depths:1 Depths:2 Depths:4
Abyss: Depths:1
Pandemonium: Depths:2
Trove: D:12 (give 9 potions of haste)

Annotations:
Depths:3 the Enchantress


Innate Abilities, Weirdness & Mutations

You are immune to sickness and miasma.
Your stone body is resilient. (AC +15)
You are immune to poison.
Your large and strong wings let you fly.
You resist negative energy. (rN+)
You are resistant to electric shocks. (rElec)
You are resistant to unholy torment.
You are immune to petrification.
You are covered in fur. (AC +1)


Message History

You kill the deep troll!
You feel a strong urge to attack something.
You are no longer berserk.
You are exhausted.
You feel yourself slow down.
You block the deep troll shaman's attack.
The deep troll shaman claws you but does no damage.
You block the deep troll shaman's attack.
You closely miss the deep troll shaman.
You block the deep troll shaman's attack. x2
The deep troll shaman claws you.
* * * LOW HITPOINT WARNING * * *
The deep troll shaman bites you but does no damage.
The deep troll shaman claws you but does no damage.
The deep troll shaman closely misses you.
Okay, then.
Aiming: Iron Shot (mildly dangerous; 1% risk of failure)
Press: ? - help, Q - select action, (/) - cycle Shift-Dir - straight line, f - deep troll shaman
Aim: a deep troll shaman (78% to hit)
The iron shot hits the deep troll shaman!!
The deep troll shaman is severely wounded.
The deep troll shaman bites you but does no damage.
The deep troll shaman claws you but does no damage.
You block the deep troll shaman's attack.
Aiming: Iron Shot (mildly dangerous; 1% risk of failure)
Press: ? - help, Q - select action, (/) - cycle Shift-Dir - straight line, f/p - deep troll shaman
Aim: a deep troll shaman (severely wounded, 78% to hit)
The iron shot misses the deep troll shaman.
The deep troll shaman bites you but does no damage.
You block the deep troll shaman's attack.
The deep troll shaman closely misses you.
The deep troll shaman bites you but does no damage.
The deep troll shaman claws you!
* * * LOW HITPOINT WARNING * * *
The deep troll shaman claws you.
* * * LOW HITPOINT WARNING * * *
Magic courses through your body. The deep troll shaman bites you!
* * * LOW HITPOINT WARNING * * *
The deep troll shaman claws you!
You die...

.# ######.##
####........
######...$.......
#.##.......)..8..
#.)[.@T..8.......
#.##...†.).......
######...........
####........
#####'''# ..


You could see a deep troll shaman.

Vanquished Creatures
  Sojobo (Depths:2)
  Bai Suzhen (Snake:3)
  Nikola (Depths:2)
  3 tentacled monstrosities
  Mlioglotl (Snake:1)
  2 liches
  A walking frostbound tome (Depths:3)
  Gastronok (Lair:3)
  A sphinx (Depths:2)
  4 thorn hunters
  8 nagarajas
  3 tengu reavers
  4 fire giants
  2 fenstrider witches
  An azure jelly (Snake:1)
  4 frost giants
  2 ghouls (Swamp:4)
  Aizul (Snake:1)
  4 stone giants
  2 very ugly things (Depths:2)
  A spriggan defender (Depths:1)
  6 spark wasps
  A vampire knight (Depths:2)
  5 eleionomae
  2 bunyips
  Snorg (Lair:3)
  3 ettins
  5 shambling mangroves
  5 fire dragons
  2 great orbs of eyes
  16 naga warriors
  2 ghost crabs (Swamp:1)
  A yaktaur captain (D:14)
  A hell beast (Depths:2)
  29 hydras
  An ogre mage (D:13)
  4 ice dragons
  4 salamander tyrants
  5 boulder beetles
  5 catoblepae
  The ghost of Flure the Cleaver, a journeyman HuNe of Ashenzari (D:10)
  Erica (D:10)
  5 spriggan air magi
  11 anacondas
  2 rakshasas
  A caustic shrike simulacrum (IceCv)
  4 two-headed ogres
  The ghost of 101zpm the Thaumaturge, a journeyman DjIE of Dithmenos (D:11)
  4 centaur warriors
  6 death yaks
  11 alligators
  4 tengu warriors
  2 deep troll earth magi
  3 spriggan berserkers
  3 deep troll shamans
  6 shock serpents
  4 orc high priests
  8 naga sharpshooters
  13 spriggans
  8 skeletal warriors
  A fire crab (shapeshifter) (D:14)
  A sun demon (Depths:2)
  6 hell knights
  2 iron trolls (Depths:1)
  A flayed ghost (Depths:1)
  6 salamander mystics
  6 goliath frogs
  8 deep trolls
  A glowing orange brain (Depths:2)
  5 naga ritualists
  A wizard (Depths:1)
  9 bog bodies
  An obsidian statue (IceCv)
  A spriggan simulacrum (IceCv)
  12 swamp dragons
  2 lindwurms (Lair:6)
  15 ugly things
  3 deep elf pyromancers
  2 necromancers
  5 orc sorcerers (Orc:2)
  10 mana vipers
  A mana viper (shapeshifter) (Depths:2)
  5 orc knights
  2 oklob plants (Swamp:2)
  Pikel (D:5)
  3 will-o-the-wisps
  6 cyclopes
  18 elephants
  3 manticores
  13 salamanders
  Joseph (D:7)
  A moth of wrath (D:11)
  18 naga magi
  10 guardian serpents
  9 cane toads
  39 black mambas
  4 gargoyles
  2 yaktaurs (D:14)
  16 freezing wraiths
  6 komodo dragons
  4 kobold demonologists
  4 ice devils
  2 entropy weaver simulacra (IceCv)
  A tengu conjurer (D:15)
  3 anaconda simulacra (IceCv)
  7 rime drakes
  2 golden dragon simulacra (IceCv)
  3 meliai (Lair:6)
  A red devil (Depths:2)
  4 trolls
  A bloated husk (Swamp:2)
  A queen bee (Lair:6)
  4 polar bears
  Prince Ribbit (D:6)
  11 tyrant leeches
  A hornet (shapeshifter) (D:15)
  17 hornets
  12 blink frogs
  4 slime creatures (D:15)
  7 dream sheep (Lair:5)
  3 water elementals
  2 wraiths
  2 shadows
  Sigmund (D:6)
  A vampire (D:9)
  4 wyverns
  83 yaks
  8 dire elephant simulacra (IceCv)
  3 basilisks
  22 vampire mosquitoes
  2 neqoxecs (D:10)
  2 steam dragons
  A minotaur simulacrum (IceCv)
  Edmund (D:6)
  2 harpy simulacra (IceCv)
  An acid dragon (D:9)
  34 nagas
  21 swamp worms
  A warg (shapeshifter) (D:13)
  2 hydra simulacra (IceCv)
  26 water moccasins
  10 swamp drakes
  A floating eye (Depths:2)
  2 ice beasts
  31 orc warriors
  2 ettin simulacra (IceCv)
  An ice beast (shapeshifter) (D:10)
  3 necrophages
  A sky beast (D:8)
  3 ogres
  3 alligator simulacra (IceCv)
  14 centaurs
  10 wolves
  A phantom (D:4)
  2 lemures (D:5)
  10 bullfrogs
  4 kobold brigands
  2 gnoll sergeants
  26 killer bees
  2 lindwurm simulacra (IceCv)
  9 electric eels
  8 wights
  A centaur zombie (D:8)
  7 howler monkeys
  A bullfrog zombie (D:7)
  A hound (D:4)
  22 orc priests
  A centaur skeleton (D:5)
  A gnoll shaman (D:4)
  Ijyb (D:4)
  2 iguanas
  18 orc wizards
  A killer bee zombie (D:5)
  3 hound skeletons (D:4)
  21 gnolls
  7 adders
  A worm (D:2)
  A worm (shapeshifter) (D:10)
  3 dart slugs
  62 orcs
  7 ball pythons
  6 endoplasms
  A giant cockroach (D:1)
  A goblin (shapeshifter) (D:10)
  20 goblins
  16 hobgoblins
  4 jackals (D:1)
  2 quokkas (D:4)
  7 bats
  27 kobolds
  6 rats
1208 creatures vanquished.

Vanquished Creatures (others)
  A fire giant (Depths:2)
  2 bloated husks
  2 orc priests (Orc:2)
  2 orc wizards
  An orc (Orc:2)
  A briar patch (Swamp:2)
  24 fungi
  83 plants
116 creatures vanquished.

Grand Total: 1324 creatures vanquished

Notes
Turn   | Place    | Note
-------+----------+-------------------------------------------
     0 | D:1      | Kaptain the Gargoyle Earth Elementalist began the quest for
                  | the Orb.
     0 | D:1      | Reached XP level 1. HP: 10/10 MP: 3/3
   237 | D:1      | Reached XP level 2. HP: 14/16 MP: 1/5
   558 | D:1      | Reached skill level 1 in Fighting
   567 | D:1      | Reached skill level 1 in Conjurations
   596 | D:1      | Found Mawid's Weapon Shoppe.
   619 | D:1      | Reached XP level 3. HP: 17/20 MP: 6/6
   632 | D:1      | Learned a level 3 spell: Stone Arrow
   867 | D:1      | Found a faded altar of an unknown god.
  1066 | D:2      | Reached skill level 1 in Armour
  1480 | D:2      | Reached XP level 4. HP: 19/25 MP: 3/7
  2482 | D:3      | Noticed an ice beast
  2491 | D:3      | Killed an ice beast
  2492 | D:3      | Reached XP level 5. HP: 30/30 MP: 1/9
  3164 | D:4      | Noticed Ijyb
  3168 | D:4      | Reached XP level 6. HP: 24/36 MP: 6/10
  3479 | D:4      | Reached skill level 5 in Earth Magic
  3568 | D:4      | Noticed a necrophage
  3579 | D:4      | Killed a necrophage
  3596 | D:3      | Reached XP level 7. HP: 27/41 MP: 3/12
  3767 | D:4      | Killed Ijyb
  3978 | D:4      | Found a burning altar of Makhleb.
  4932 | D:5      | Entered Level 5 of the Dungeon
  5455 | D:5      | Identified the +6 buckler of Utian {Int+4}
  5491 | D:5      | Reached XP level 8. HP: 30/48 MP: 13/14
  5959 | D:5      | Found a staircase to the Ecumenical Temple.
  6037 | D:5      | Noticed Pikel
  6043 | D:5      | Killed Pikel
  6044 | D:5      | Reached skill level 1 in Shields
  6152 | Temple   | Entered the Ecumenical Temple
  7130 | D:6      | Noticed Edmund
  7135 | D:6      | Killed Edmund
  7136 | D:6      | Reached skill level 5 in Fighting
  7136 | D:6      | Reached skill level 5 in Conjurations
  7136 | D:6      | Reached XP level 9. HP: 54/54 MP: 15/16
  7337 | D:6      | Noticed Prince Ribbit
  7343 | D:6      | Killed Prince Ribbit
  7344 | D:6      | Reached skill level 5 in Spellcasting
  7475 | D:6      | Noticed Sigmund
  7480 | D:6      | Killed Sigmund
  7790 | D:6      | Found a shimmering altar of Xom.
  8021 | D:7      | Noticed Joseph
  8033 | D:7      | Killed Joseph
  8963 | D:7      | Noticed a cyclops
  8970 | D:7      | Killed a cyclops
  8971 | D:7      | Reached XP level 10. HP: 60/60 MP: 18/18
  9319 | D:8      | Found a staircase to the Lair.
  9957 | D:8      | Noticed a +0 dagger
  9957 | D:8      | Noticed a +0 hand axe
  9960 | D:8      | Found a hide-covered altar of Uskayaw.
 10501 | Lair:1   | Entered Level 1 of the Lair of Beasts
 10702 | Lair:1   | Noticed a cane toad
 10705 | Lair:1   | Killed a cane toad
 10783 | Lair:1   | Identified the +5 scale mail of Sumivein {MP+9}
 10980 | Lair:1   | Noticed a cane toad
 10991 | Lair:1   | Killed a cane toad
 10992 | Lair:1   | Reached skill level 5 in Armour
 10992 | Lair:1   | Reached skill level 5 in Stealth
 11226 | Lair:1   | Reached XP level 11. HP: 51/67 MP: 11/21
 11808 | Lair:1   | Noticed an eight-headed hydra
 11814 | Lair:1   | Killed an eight-headed hydra
 12583 | Lair:1   | Found the +8 whip "Snakebite" {venom, curare, rPois}
 12809 | Lair:2   | You fall into a shaft and drop 1 floor!
 12855 | Lair:2   | Noticed a bog body
 12872 | Lair:2   | Killed a bog body
 12873 | Lair:2   | Reached skill level 10 in Earth Magic
 13107 | Lair:2   | Reached skill level 5 in Shields
 13240 | Lair:2   | Identified the +1 scale mail of the Black Moon {rF+ Regen+
                  | Dex+6}
 13573 | Lair:1   | Reached XP level 12. HP: 63/75 MP: 18/23
 13665 | Lair:1   | Identified a scroll of acquirement
 14117 | Lair:2   | Found a staircase to the Swamp.
 14224 | Swamp:1  | Entered Level 1 of the Swamp
 14448 | Swamp:1  | Noticed an alligator
 14448 | Swamp:1  | Noticed an alligator
 14474 | Lair:2   | Killed an alligator
 14825 | Lair:3   | Noticed Gastronok
 14833 | Lair:3   | Killed Gastronok
 14939 | Lair:3   | Noticed a catoblepas
 14947 | Lair:3   | Killed a catoblepas
 15294 | Lair:3   | Noticed an eight-headed hydra
 15300 | Lair:3   | Killed an eight-headed hydra
 15335 | Lair:3   | Reached skill level 10 in Conjurations
 15485 | Lair:3   | Found a staircase to the Snake Pit.
 15650 | Lair:3   | Identified the +2 plate armour of Midnight {Dex+3}
 15656 | Lair:3   | Noticed Snorg
 15687 | Lair:3   | Killed Snorg
 15688 | Lair:3   | Reached skill level 10 in Fighting
 16089 | Lair:3   | Noticed a five-headed hydra
 16095 | Lair:3   | Killed a five-headed hydra
 16469 | Lair:4   | Reached XP level 13. HP: 83/83 MP: 26/26
 18946 | Lair:5   | Reached skill level 10 in Spellcasting
 19859 | Lair:6   | Entered Level 6 of the Lair of Beasts
 20016 | Lair:5   | Gained mutation: Your large and strong wings let you fly.
                  | [Gargoyle growth]
 20016 | Lair:5   | Reached XP level 14. HP: 84/91 MP: 23/28
 21341 | Lair:6   | Found a viscous altar of Jiyva.
 21342 | Lair:6   | Found a staircase to the Slime Pits.
 22795 | Lair:6   | Learned a level 2 spell: Blink
 23470 | D:9      | Found a sacrificial altar of Ru.
 23743 | D:9      | Found a hazy altar of Hepliaklqana.
 23743 | D:9      | Found a shadowy altar of Dithmenos.
 23815 | D:9      | Found a shimmering blue altar of Sif Muna.
 23815 | D:9      | Found a blossoming altar of Fedhas.
 23953 | D:10     | Entered Level 10 of the Dungeon
 24007 | D:10     | Found a flagged portal.
 24020 | Bailey   | Entered a bailey
 24871 | Bailey   | Found an iron altar of Okawaru.
 25117 | Bailey   | Identified the +8 quarterstaff of Sunlight {speed, rElec
                  | SInv}
 25149 | Bailey   | Identified the +5 leather armour of the Blind Marksman
                  | {rF+}
 25667 | D:10     | Noticed Erica
 25704 | D:10     | Killed Erica
 25870 | D:10     | Found a runed translucent gate.
 25870 | D:10     | Found a runed translucent gate.
 25870 | D:10     | Found a runed translucent gate.
 26084 | D:10     | Found an ancient bone altar of Kikubaaqudgha.
 26091 | D:10     | Found an iron altar of Okawaru.
 26261 | D:9      | Reached XP level 15. HP: 40/97 MP: 13/30
 26764 | D:10     | Found a runed translucent gate.
 26764 | D:10     | Found a runed translucent gate.
 26765 | D:10     | Noticed Flure's ghost (journeyman HuNe)
 26766 | D:10     | Found a runed translucent gate.
 27162 | D:11     | Found a staircase to the Orcish Mines.
 27185 | D:11     | Noticed 101zpm's ghost (journeyman DjIE)
 27198 | D:11     | Found a bloodstained altar of Trog.
 27205 | D:11     | Found a transporter.
 27209 | D:11     | Found a transporter.
 27342 | Orc:1    | Entered Level 1 of the Orcish Mines
 27549 | Orc:2    | Entered Level 2 of the Orcish Mines
 28789 | Orc:2    | Found a staircase to the Elven Halls.
 29055 | Orc:2    | Found Pysoyklap's Antique Weapon Shoppe.
 29801 | Orc:2    | Reached skill level 15 in Earth Magic
 30039 | Orc:2    | Found Epron's Distillery.
 30039 | Orc:2    | Found Xedd's Antique Weapon Emporium.
 30041 | Orc:2    | Found Hiosm's General Store.
 30041 | Orc:2    | Found Yleedwuph's General Store.
 30056 | Orc:2    | Bought an iridescent trident for 306 gold pieces
 30056 | Orc:2    | Identified the +8 trident of Victory {vorpal, *Corrode
                  | Int+3 Dex+7} (You bought it in a shop on level 2 of the
                  | Orcish Mines)
 30060 | Orc:2    | Acquired 926 gold pieces
 30062 | Orc:2    | Acquired a book of Power
 30071 | Orc:2    | Learned a level 6 spell: Iron Shot
 30077 | Orc:2    | Learned a level 5 spell: Iskenderun's Battlesphere
 31875 | D:12     | Found Peppuir's Weapon Shoppe.
 32199 | D:12     | Found a portal to a secret trove of treasure.
 32870 | D:13     | Paralysed by an orc wizard for 7 turns
 33279 | D:13     | Identified the +8 long sword of Untimely Demise {flame, rF+
                  | rC+ SInv}
 33282 | D:13     | Reached skill level 10 in Armour
 33500 | D:13     | Reached skill level 1 in Evocations
 34958 | D:14     | Reached XP level 16. HP: 106/106 MP: 32/32
 35219 | D:14     | Found a gate to the Vaults.
 37711 | Swamp:2  | Noticed a thorn hunter
 37730 | Swamp:2  | Killed a thorn hunter
 37875 | Swamp:2  | Noticed a thorn hunter
 37879 | Swamp:2  | Killed a thorn hunter
 38098 | Swamp:2  | Noticed a thorn hunter
 38111 | Swamp:2  | Killed a thorn hunter
 38554 | Swamp:2  | Noticed a tentacled monstrosity
 38562 | Swamp:2  | Killed a tentacled monstrosity
 39701 | Swamp:3  | Noticed a fenstrider witch
 39789 | Swamp:3  | Killed a fenstrider witch
 40234 | Swamp:3  | Reached skill level 15 in Conjurations
 40297 | Swamp:3  | Reached XP level 17. HP: 112/112 MP: 27/33
 40548 | Swamp:3  | Noticed a tentacled monstrosity
 40555 | Swamp:3  | Killed a tentacled monstrosity
 40556 | Swamp:3  | Reached skill level 15 in Fighting
 40938 | Swamp:4  | Entered Level 4 of the Swamp
 42745 | Swamp:4  | Got a decaying rune of Zot
 43032 | Snake:1  | Entered Level 1 of the Snake Pit
 43043 | Snake:1  | Found a frozen archway.
 43147 | IceCv    | Entered an ice cave
 43923 | IceCv    | Found an ancient bone altar of Kikubaaqudgha.
 44552 | IceCv    | Noticed a lich
 44554 | IceCv    | Killed a lich
 44750 | Snake:1  | Learned a level 7 spell: Orb of Destruction
 44821 | Snake:1  | You are sucked into a shaft and drop 1 floor!
 44834 | Snake:1  | Reached XP level 18. HP: 91/120 MP: 13/35
 44962 | Snake:1  | Noticed Mlioglotl
 44967 | Snake:1  | Killed Mlioglotl
 45304 | D:10     | Killed Flure's ghost
 45305 | D:10     | Gained mutation: You sometimes lose the ability to read
                  | scrolls when taking damage. [a neqoxec]
 45308 | D:10     | Lost mutation: You sometimes lose the ability to read
                  | scrolls when taking damage. [potion of mutation]
 45308 | D:10     | Gained mutation: You are frail. (-10% HP) [potion of
                  | mutation]
 45308 | D:10     | Gained mutation: Armour fits poorly on your strangely
                  | shaped body. [potion of mutation]
 45308 | D:10     | Gained mutation: You have large cloven feet. [potion of
                  | mutation]
 45308 | D:10     | Gained mutation: You possess an exceptional clarity of
                  | mind. [potion of mutation]
 45309 | D:10     | Lost mutation: You possess an exceptional clarity of mind.
                  | [potion of mutation]
 45309 | D:10     | Lost mutation: Armour fits poorly on your strangely shaped
                  | body. [potion of mutation]
 45309 | D:10     | Gained mutation: You are partially covered in iridescent
                  | scales. (AC +2) [potion of mutation]
 45482 | D:11     | Killed 101zpm's ghost
 46065 | Snake:1  | Found Zejeme's Antique Weapon Shoppe.
 46074 | Snake:1  | Noticed Aizul
 46079 | Snake:1  | Killed Aizul
 46667 | Snake:2  | Reached skill level 5 in Evocations
 47333 | Snake:3  | Found Fiomel's Antique Armour Shop.
 47394 | Snake:3  | Identified the +9 mace "Xehyups" {vamp, rPois rF+}
 47846 | Snake:3  | Found Nitoc's Weapon Shop.
 47886 | Snake:3  | Found Etuitis's Armour Emporium.
 48151 | Snake:3  | Found Obodd's Book Shoppe.
 48483 | Snake:3  | Bought a manual of Fighting for 1360 gold pieces
 48483 | Snake:3  | Bought a book of Blasting for 544 gold pieces
 48490 | Snake:3  | Learned a level 5 spell: Lee's Rapid Deconstruction
 48493 | Snake:3  | Learned a level 2 spell: Blink
 48495 | Snake:3  | Bought a book of Burglary for 340 gold pieces
 48499 | Snake:3  | Learned a level 3 spell: Swiftness
 49000 | Snake:4  | Entered Level 4 of the Snake Pit
 50527 | Snake:4  | Noticed Bai Suzhen
 50549 | Snake:3  | Reached XP level 19. HP: 36/115 MP: 37/37
 50832 | Snake:3  | Killed Bai Suzhen
 52583 | Snake:4  | Got a serpentine rune of Zot
 52901 | D:15     | Entered Level 15 of the Dungeon
 53352 | D:15     | Found a staircase to the Depths.
 53591 | D:15     | Found a white marble altar of Elyvilon.
 54355 | Depths:1 | Entered Level 1 of the Depths
 54390 | Depths:1 | Found Soaruap's Magic Scroll Shop.
 54392 | Depths:1 | Found Zeta's Assorted Antiques.
 54394 | Depths:1 | Found Ehiopn's General Store.
 54695 | Depths:1 | Found a one-way gate to the infinite horrors of the Abyss.
 54949 | Depths:1 | Found a stormy altar of Qazlal.
 55120 | Depths:1 | Found a gateway to Hell.
 55526 | Depths:2 | Reached skill level 15 in Spellcasting
 56819 | Depths:2 | Reached XP level 20. HP: 123/123 MP: 21/39
 57458 | Depths:2 | Found a one-way gate leading to the halls of Pandemonium.
 57610 | Depths:2 | Noticed Nikola
 57634 | Depths:2 | Killed Nikola
 57661 | Depths:2 | Noticed Sojobo
 57984 | Depths:2 | Paralysed by a sphinx for 4 turns
 58296 | Depths:2 | Paralysed by an air elemental for 1 turns
 58300 | Depths:2 | Killed Sojobo
 58527 | Depths:2 | Lost mutation: You are frail. (-10% HP) [potion of
                  | mutation]
 58527 | Depths:2 | Lost mutation: You have large cloven feet. [potion of
                  | mutation]
 58527 | Depths:2 | Lost mutation: You are partially covered in iridescent
                  | scales. (AC +2) [potion of mutation]
 58527 | Depths:2 | Gained mutation: You possess an exceptional clarity of
                  | mind. [potion of mutation]
 58527 | Depths:2 | Lost mutation: You possess an exceptional clarity of mind.
                  | [potion of mutation]
 58527 | Depths:2 | Gained mutation: You are covered in fur. (AC +1) [potion of
                  | mutation]
 58691 | Depths:2 | Reached skill level 10 in Shields
 59064 | Depths:3 | You are sucked into a shaft and drop 1 floor!
 59064 | Depths:4 | Entered Level 4 of the Depths
 59064 | Depths:4 | Noticed the Enchantress
 59427 | Depths:3 | Slain by a deep troll shaman

Illustrated notes

Levels and vault maps discovered:
D:1:      minmay_arrival_widening_spiral_wide, layout_rooms, serial_shops,
          nicolae_shop_window_shopping, dilly_ecumenical_altar_fadedgnrine
D:2:      layout_loops_corners, serial_co_window_serial, co_window_paths_a,
          co_window_of_opportunity_a, co_window_paths_b, co_window_paths_a,
          co_window_corner_a, co_window_corner_a, co_window_paths_a,
          co_window_cross_2, co_window_corner_ca, co_window_corner_cb,
          co_window_broadway_c, co_window_broadway_b, co_window_4corner_b,
          co_window_paths_d, glass_columns_a, glass_columns_c, glass_columns_b
D:3:      layout_basic
D:4:      layout_cave_pods, makhleb_blood_cavern_becter, grunt_ministairs_9,
          uniq_ijyb
D:5:      layout_layer_cave, minmay_temple_entry_drinking_statues, uniq_pikel
D:6:      layout_gridville, lemuel_round_altar, uniq_sigmund,
          uniq_prince_ribbit1, uniq_edmund
D:7:      layout_gridville, uniq_joseph
D:8:      layout_basic, dancing_weapons_uskayaw, lair_entry_dummy
D:9:      layout_long_grid, riverfiend_overflow_shadow_ancestor,
          nicolae_ru_sacrificial_ziggurat,
          chequers_temple_overflow_statue_of_worship
D:10:     layout_rooms, amethyst_overflow_temple_binary, enter_bailey_5,
          ploomutoo_gammafunk_ghost_potion_laboratory, uniq_erica
D:11:     layout_layer_cave, erik_orc_4, gammafunk_ghost_wrathful_warriors
D:12:     layout_basic, nicolae_trove_entry_isolated, serial_shops,
          nicolae_shop_behind_doors
D:13:     layout_basic, minmay_alternating_orb
D:14:     layout_gridville, david_vaults_2, chequers_serial_rivers_large_b
D:15:     grunt_enter_depths_snipers, layout_stronghold, serial_bayou_pond_b,
          minmay_misc_feat_rugged, elyvilon_altar_4
Temple:   ebering_untended_altars
Lair:1:   minmay_guarded_unrand_snakebite, layout_cave_pods
Lair:2:   layout_hall_layers, nicolae_swamp_entry_splash_gauntlet
Lair:3:   layout_loops_ring, minmay_snake_entry_spellcaster, uniq_gastronok,
          uniq_snorg
Lair:4:   layout_roguey
Lair:5:   layout_hall_layers, minivault_27, serial_bayou_shore_a,
          grunt_megastairs_3
Lair:6:   grunt_lair_end_beastmaster, layout_gridlike, slime_altar_1,
          special_room [special_room_bee], minmay_lair_drake_nest
Swamp:1:  layout_basic_swamp, evilmike_swamp_ruin_house_5, swamp_pool2,
          infiniplex_staircase_pool
Swamp:2:  nicolae_swamp_phyte_club, layout_falls_marsh,
          evilmike_swamp_ruin_house_4, swamp_pool2
Swamp:3:  layout_falls_marsh, hangedman_swamp_ruin_hall, swamp_pool4,
          st_swamp_mini
Swamp:4:  swamp, layout_basic_swamp
Snake:1:  layout_misc_corridors, portal_ice_cave_entry_frozen_things,
          minmay_shop_grid_forest, uniq_mlioglotl, uniq_aizul
Snake:2:  layout_misc_corridors
Snake:3:  layout_layer_cave, serial_shops, nicolae_lakefront_shop,
          nicolae_shop_advertising_works [nicolae_subvault_shop_adworks], shop,
          nicolae_shop_hallway_stairs, lemuel_fruit_tree
Snake:4:  snake_hunt, layout_cave_town, grunt_ministairs_4, uniq_bai_suzhen
Orc:1:    layout_caves, uniq_jorgrun, uniq_fannar, uniq_harold
Orc:2:    grunt_orc_tribal_feast, layout_caves, serial_shops,
          nicolae_square_shop, lemuel_statue_altar
Depths:1: layout_gridville, hell_entry, kennysheep_small_spiral, abyss_entry,
          drop_trap, grunt_qazlal_sundering, minmay_shop_star
Depths:2: evilmike_cross, layout_twisted_cross, nicolae_benzene_ring,
          rand_demon_pan_entry_7, hell_entry, minmay_staircase_windowed_small,
          uniq_sojobo, uniq_nikola
Depths:3: kennysheep_oblong_rooms, layout_gridlike, hangedman_abyss_entry_splay,
          fountainhead, hell_entry, minmay_staircase_statues_hall_small,
          serial_bayou_shore_b
Depths:4: grunt_zot_entry_bicorn, layout_cave_pools, enter_ziggurat_d,
          hell_entry, serial_shops, bzr_entry_gold, abyss_entry,
          uniq_enchantress

Skill      XL: |  1  2  3  4  5  6  7  8  9 10 11 12 13 14 15 16 17 18 19 20 |
---------------+-------------------------------------------------------------+-----
Earth Magic    | 4 5 6 7 9 10 11 13 14 15 16 17 18 19 | 19.7
Fighting       | 1 2 3 5 6 7 8 10 11 12 14 15 17 18 19 | 19.5
Conjurations   | 1 2 3 5 6 7 9 10 11 13 14 15 16 17 18 | 18.0
Armour         | 1 2 3 4 5 6 7 8 9 10 11 12 13 | 13.0
Dodging        | 2 3 4 |  4.0
Spellcasting   | 3 4 5 6 7 9 10 11 12 13 14 15 | 15.5
Shields        | 1 3 4 5 6 7 8 9 10 | 10.0
Stealth        | 3 4 5 6 7 |  7.0
Evocations     | 1 3 4 5 |  5.0
Transmutations | |  0.7

Action                   |  1- 3 |  4- 6 |  7- 9 | 10-12 | 13-15 | 16-18 | 19-21 || total
-------------------------+-------+-------+-------+-------+-------+-------+-------++-------
Melee: Scimitar          |       |       |       |       |    63 |       |       ||    63
       Whip              |       |       |       |       |   173 |       |       ||   173
       Long sword        |       |       |       |       |    17 |   120 |    37 ||   174
       Kick              |       |       |       |       |       |    14 |     5 ||    19
 Fire: Hunting sling     |    70 |    42 |   100 |    72 |     1 |       |       ||   285
 Cast: Sandblast         |    25 |    30 |    42 |    23 |    80 |    44 |     2 ||   246
       Stone Arrow       |       |     5 |    74 |   273 |   765 |   102 |     4 ||  1223
       Iron Shot         |       |       |       |       |    58 |   640 |   320 ||  1018
       Lee's Rapid Decon |       |       |       |       |       |     4 |    92 ||    96
       Orb of Destructio |       |       |       |       |       |       |     1 ||     1
Evoke: Wand              |       |       |       |       |       |     3 |       ||     3
  Use: Scroll            |       |     2 |     6 |    18 |     7 |     7 |     4 ||    44
       Potion            |       |       |     3 |     4 |     6 |     4 |     4 ||    21
Armor: Robe              |     5 |     5 |       |       |       |       |       ||    10
       Leather armour    |       |     2 |    19 |     1 |       |       |       ||    22
       Scale mail        |       |       |       |    96 |   292 |   468 |   192 ||  1048
Dodge: Dodged            |    13 |     6 |    27 |    72 |   187 |   234 |    85 ||   624
       Repelled          |       |       |       |       |     2 |     4 |       ||     6
Block: Buckler           |       |       |    12 |   113 |   541 |   424 |   138 ||  1228
       Reflection        |       |       |       |       |    23 |    10 |       ||    33
